 Dungeon Crawl Stone Soup version 0.26-a0-712-ga5a9c9c9d0 (webtiles) character file.

Game seed: 10381962032499103162

1085 ringo67 the Firebug (level 8, -4/75 HPs)
             Began as an Ogre Fire Elementalist on Nov 2, 2020.
             Splashed by Ijyb's acid (11 damage)
             ... on level 4 of the Dungeon.
             The game lasted 00:11:55 (7385 turns).

ringo67 the Firebug (Ogre Fire Elementalist)        Turns: 7385, Time: 00:11:56

Health: -4/75      AC:  1    Str: 13    XL:     8   Next: 30%
Magic:  2/14       EV: 10    Int: 18    God:
Gold:   88         SH:  0    Dex:  9    Spells: 10/15 levels left

rFire    + . .     SeeInvis .   w - +1 dagger (venom)
rCold    . . .     Faith    .   (no shield)
rNeg     . . .     Spirit   .   v - +2 robe {rF+}
rPois    .         Reflect  .   (helmet restricted)
rElec    .         Harm     .   (no cloak)
rCorr    .         Rampage  .   (gloves unavailable)
MR       .....                  (boots unavailable)
Stlth    +.........             (no amulet)
HPRegen  0.22/turn              (no ring)
MPRegen  0.14/turn              (no ring)

@: corroded
A: large, unfitting armour, tough skin 1
a: no special abilities


You were on level 4 of the Dungeon.
You visited 1 branch of the dungeon, and saw 4 of its levels.

You collected 88 gold pieces.

Inventory:

Hand Weapons
 e - a +0 hunting sling
 i - a +0 spear
 w - a +1 dagger of venom (weapon)
Missiles
 b - 30 sling bullets
 h - 105 stones (quivered)
 n - 8 javelins
 t - 9 poisoned darts
Armour
 a - a +0 robe
 v - a +2 robe of fire resistance (worn)
Wands
 u - a wand of flame (17)
Scrolls
 d - a scroll of teleportation
 f - a scroll of remove curse
 l - 2 scrolls of identify
 r - a scroll of enchant weapon
Potions
 c - 2 potions of lignification
 m - 2 potions of haste
 o - a potion of stabbing {unknown}
 p - a potion of heal wounds {unknown}
 q - a potion of invisibility {unknown}
 s - 2 potions of mutation
 x - 2 potions of flight
 z - a potion of curing


   Skills:
 + Level 3.3 Fighting
 - Level 1.7 Dodging
 - Level 1.4 Stealth
 - Level 4.0 Spellcasting
 + Level 5.4 Conjurations
 + Level 6.1 Fire Magic


You had 10 spell levels left.
You knew the following spells:

 Your Spells              Type           Power        Failure   Level
a - Foxfire               Conj/Fire      ###.         1%          1
b - Sticky Flame          Conj/Fire      ###.....     13%         4

Your spell library contained the following spells:

 Spells                   Type           Power        Failure   Level
 Conjure Flame            Conj/Fire      ###.....     4%          3
 Inner Flame              Hex/Fire       ##......     12%         3
 Fireball                 Conj/Fire      ###.......   36%         5


Dungeon Overview and Level Annotations

Branches:
Dungeon (4/15)
 Temple: D:4-7

Altars:

Annotations:
D:4 Blork the orc, Duvessa, Ijyb


Innate Abilities, Weirdness & Mutations

You are too large for most types of armour.
You have tough skin. (AC +1)


Message History

The foxfire hits Ijyb but does no damage.
Ijyb is moderately wounded.
The foxfire hits Ijyb.
Ijyb is heavily wounded.
Casting: Foxfire (safe; 1% risk of failure)
Confirm with . or Enter, or press ? or * to list all spells.
You conjure some foxfire!
The foxfire hits Ijyb but does no damage.
Ijyb is heavily wounded.
The foxfire hits Ijyb but does no damage.
Ijyb is heavily wounded.
Blork the orc gestures wildly while chanting.
Blork the orc flickers and vanishes!
Deactivating autopickup; reactivate with Ctrl-A.
Casting: Foxfire (safe; 1% risk of failure)
Confirm with . or Enter, or press ? or * to list all spells.
You conjure some foxfire!
Ijyb zaps a wand.
The bolt of acid hits you!
* * * LOW HITPOINT WARNING * * *
The acid corrodes you!
You are splashed with acid!
You die...

#.# #.# # #.#
#### #. #.# ...
#.## ##.# [..
... #..# #.###
#.## #.## #...
#.@. #.#
#######v#####.#
#.## #.#
#.....v@v....#
... #.#
#.#####g####.#
.>..#
#.######.# #{#
l.@§..
#........# #.#
#..... #
########## ♣..#
..... . .)..#
..e.. # ♣...♣.
.o... . #...>.
.. .


You could see Ijyb.

Vanquished Creatures
  Grinder (D:3)
  Edmund (D:3)
  A centaur (D:3)
  A scorpion (D:3)
  Dowan (D:4)
  A howler monkey (D:3)
  A centaur skeleton (D:4)
  4 orc priests
  2 orc wizards (D:3)
  An iguana (D:4)
  Terence (D:3)
  A worker ant (D:4)
  Natasha (thrice) (D:3)
  5 adders
  2 oozes
  3 worms (D:2)
  2 dart slugs
  4 leopard geckos
  24 orcs
  6 giant cockroaches
  4 goblins
  7 hobgoblins
  15 jackals
  A ball python (D:1)
  5 bats
  7 frilled lizards
  12 kobolds
  5 rats
121 creatures vanquished.

Vanquished Creatures (collateral kills)
  A foxfire (D:3)
1 creature vanquished.

Vanquished Creatures (others)
  A jackal (D:4)
  362 foxfires
363 creatures vanquished.

Grand Total: 485 creatures vanquished

Notes
Turn   | Place    | Note
-------+----------+-------------------------------------------
     0 | D:1      | ringo67 the Ogre Fire Elementalist began the quest for the
                  | Orb.
     0 | D:1      | Reached XP level 1. HP: 16/16 MP: 3/3
    76 | D:1      | Reached skill level 1 in Conjurations
   170 | D:1      | Reached XP level 2. HP: 23/24 MP: 0/5
   466 | D:1      | Reached skill level 3 in Fire Magic
   766 | D:1      | Reached XP level 3. HP: 27/31 MP: 5/7
  1653 | D:2      | Reached XP level 4. HP: 34/39 MP: 0/8
  2845 | D:3      | Noticed Natasha
  2851 | D:3      | Killed Natasha
  2851 | D:3      | Reached XP level 5. HP: 45/45 MP: 3/10
  2947 | D:3      | Noticed Natasha
  2952 | D:3      | Killed Natasha
  2963 | D:3      | Learned a level 4 spell: Sticky Flame
  3075 | D:3      | Reached skill level 4 in Fire Magic
  3210 | D:3      | Noticed Grinder
  3362 | D:3      | Noticed Natasha
  3367 | D:3      | Killed Natasha
  3367 | D:3      | Reached XP level 6. HP: 53/53 MP: 7/12
  3418 | D:3      | Noticed Terence
  3436 | D:3      | Killed Terence
  3843 | D:3      | Killed Grinder
  3843 | D:3      | Reached skill level 5 in Fire Magic
  3843 | D:3      | Reached XP level 7. HP: 54/59 MP: 5/13
  5121 | D:3      | Reached skill level 1 in Fighting
  5121 | D:3      | Reached skill level 5 in Conjurations
  5641 | D:4      | Noticed Dowan
  5642 | D:4      | Noticed Duvessa
  6383 | D:4      | Reached XP level 8. HP: 60/72 MP: 3/14
  6550 | D:4      | Noticed Edmund
  6624 | D:3      | Killed Edmund
  6624 | D:3      | Reached skill level 6 in Fire Magic
  6934 | D:4      | Killed Dowan
  7367 | D:4      | Noticed Blork the orc
  7367 | D:4      | Noticed Ijyb
  7385 | D:4      | Splashed by Ijyb's acid

Illustrated notes

Levels and vault maps discovered:
D:1:      dpeg_arrival_shelter, layout_loops_ring, minmay_misc_feat_room
D:2:      layout_basic
D:3:      layout_loops_cross, serial_forest, infiniplex_forest_straight_3,
          infiniplex_forest_lined_room_2, infiniplex_forest_straight_1,
          infiniplex_forest_lined_3, infiniplex_forest_end_3, uniq_terence,
          uniq_grinder, uniq_natasha
D:4:      layout_loops_ring, grunt_ministairs_2, abandoned_shop,
          nicolae_qazlal_general_emergency, uniq_edmund, uniq_blork_the_orc,
          uniq_ijyb, uniq_crazy_yiuf_cottage, uniq_duvessa

Skill      XL: |  1  2  3  4  5  6  7  8 |
---------------+-------------------------+-----
Conjurations   | 1 2 3 4 5 |  5.4
Fire Magic     | 3 4 5 6 |  6.1
Spellcasting   | 3 4 |  4.0
Fighting       | 1 3 |  3.3
Dodging        | |  1.7
Stealth        | |  1.4

Action                   |  1- 3 |  4- 6 |  7- 9 || total
-------------------------+-------+-------+-------++-------
Melee: Spear             |    66 |   151 |     5 ||   222
       Dagger            |       |       |    60 ||    60
 Fire: Hunting sling     |     8 |       |       ||     8
 Cast: Foxfire           |    33 |    73 |   124 ||   230
       Sticky Flame      |       |     1 |     1 ||     2
  Use: Scroll            |       |       |    12 ||    12
 Stab: Sleeping          |     2 |     3 |       ||     5
Armor: Robe              |    26 |    38 |    28 ||    92
Dodge: Dodged            |    56 |    83 |    61 ||   200

Table legend: (Time is in decaauts)
 A = Elapsed time spent in this place.
 B = Non-inter-level travel time spent in this place.
 C = Inter-level travel time spent in this place.
 D = Time resting spent in this place.
 E = Time spent auto-exploring this place.
 F = Levels seen in this place.
 G = Mean time per level.
                   A        B        C        D        E       F      G
               +--------+--------+--------+--------+--------+-----+--------+
         Total |   7413 |   7198 |    215 |   2616 |   3197 |   4 | 1853.2 |
       Dungeon |   7413 |   7198 |    215 |   2616 |   3197 |   4 | 1853.2 |
               +--------+--------+--------+--------+--------+-----+--------+

Top non-repeatable levels by time:
     D:3: 3519 daAuts
     D:2: 1982 daAuts
     D:1: 962 daAuts
     D:4: 949 daAuts
